 Dungeon Crawl Stone Soup version 0.21.1-1-g345015f (webtiles) character file.

114 sking99 the Skirmisher (level 4, 0/41 HPs)
             Began as a Minotaur Berserker on June 13, 2018.
             Was a Believer of Trog.
             Slain by a gnoll
             ... wielding a +0 halberd
              (5 damage)
             ... on level 2 of the Dungeon.
             The game lasted 00:12:39 (1391 turns).

sking99 the Skirmisher (Minotaur Berserker)         Turns: 1391, Time: 00:12:40

Health: 0/41       AC:  5    Str: 23    XL:     4   Next: 67%
Magic:  3/3        EV: 11    Int:  4    God:    Trog [**....]
Gold:   79         SH:  0    Dex:  9    Spells: 3/3 levels left

rFire    . . .     SeeInvis .   a - +0 mace
rCold    . . .     Gourm    .   (no shield)
rNeg     . . .     Faith    .   f - +0 ring mail
rPois    .         Spirit   .   (helmet restricted)
rElec    .         Reflect  .   (no cloak)
rCorr    .         Harm     .   (no gloves)
MR       ++...                  (no boots)
Stlth    ..........             (no amulet)
HPRegen  1.13/turn              (no ring)
MPRegen  0.08/turn              (no ring)

@: berserk cooldown, regenerating, slowed, very slow
A: retaliatory headbutt, horns 2
a: Berserk, Trog's Hand, Burn Spellbooks, Renounce Religion


You were on level 2 of the Dungeon.
You worshipped Trog.
Trog was pleased with you.
You were not hungry.

You visited 1 branch of the dungeon, and saw 2 of its levels.

You collected 79 gold pieces.

Inventory:

Hand Weapons
 a - a +0 mace (weapon)
Armour
 b - a +0 animal skin
 f - a +0 ring mail (worn)
Scrolls
 d - a scroll of identify {unknown}
 h - a scroll of teleportation {unknown}
Potions
 e - a potion of brilliance {unknown}
 g - a potion of curing {unknown}
Comestibles
 c - 4 rations


   Skills:
 + Level 4.9 Fighting
 + Level 4.9 Maces & Flails
 * Level 3.4 Armour
 - Level 2.6 Dodging


You had 3 spell levels left.
You didn't know any spells.

Dungeon Overview and Level Annotations

Branches:
Dungeon (2/15)

Altars:


Innate Abilities, Weirdness & Mutations

You reflexively headbutt those who attack you in melee.
You have a pair of horns on your head.


Message History

* * * LOW HITPOINT WARNING * * *
The frilled lizard bites you but does no damage.
Your skin crawls.
You feel resistant to hostile enchantments.
You feel somewhat more hungry. The gnoll closely misses you.
The frilled lizard bites you.
* * * LOW HITPOINT WARNING * * *
You closely miss the frilled lizard.
Your headbutt misses the frilled lizard.
The gnoll barely misses you. The frilled lizard bites you.
* * * LOW HITPOINT WARNING * * *
The frilled lizard closely misses you.
You closely miss the frilled lizard.
Your headbutt misses the frilled lizard.
The gnoll completely misses you. The frilled lizard closely misses you.
You furiously retaliate!
You headbutt the frilled lizard!
You kill the frilled lizard!
Trog accepts your kill.
The gnoll hits you from afar with a halberd.
You die...

##.gg## #. ##)## #.
######## #†# #. #......#
#.# #. .#.#..#.###.## #.
........##l..## #.
.....#..g.g...# #.
......†)##...##########.
....#..@##.(............
........##...###########
#..#...####.## ......#
#.# .##... #.# ..... #.#
#..#.. #. ..... #. ....
#.


You could see a gnoll.

Vanquished Creatures
  2 gnolls (D:2)
  3 adders (D:2)
  An ooze (D:1)
  2 worms (D:2)
  2 dart slugs (D:1)
  4 leopard geckos
  6 giant cockroaches
  9 goblins
  4 hobgoblins
  A ball python (D:2)
  4 bats (D:1)
  3 frilled lizards
  6 kobolds
  A rat (D:2)
48 creatures vanquished.

Notes
Turn   | Place    | Note
-------+----------+-------------------------------------------
     0 | D:1      | sking99 the Minotaur Berserker began the quest for the Orb.
     0 | D:1      | Reached XP level 1. HP: 19/19 MP: 0/0
    14 | D:1      | Reached XP level 2. HP: 27/27 MP: 1/1
   142 | D:1      | Reached XP level 3. HP: 27/33 MP: 2/2
   744 | D:1      | Reached ** piety under Trog
  1153 | D:2      | Reached XP level 4. HP: 34/41 MP: 3/3
  1389 | D:2      | HP: 2/41 [frilled lizard (3)]
  1391 | D:2      | Slain by a gnoll

Skill      XL: |  1  2  3 |
---------------+----------+-----
Fighting       | 4 |  4.9
Maces & Flails | 4 |  4.9
Armour         | 3 |  3.4
Dodging        | |  2.6

Action                   |  1- 3 |  4- 6 || total
-------------------------+-------+-------++-------
Melee: Mace              |    71 |    33 ||   104
       Headbutt          |     8 |     2 ||    10
Invok: Berserk           |     2 |     1 ||     3
       Trog's Hand       |       |     1 ||     1
  Eat: Ration            |     1 |       ||     1
       Chunk             |     1 |       ||     1
Armor: Animal skin       |    19 |       ||    19
       Ring mail         |     2 |    15 ||    17
Dodge: Dodged            |    60 |    26 ||    86
